[Event "December 19 Early 2023"]
[Site "https://www.chess.com"]
[Date "2023.12.19"]
[Round "9"]
[White "Le, Tuan Minh"]
[Black "Krzyzanowski, Marcin"]
[Result "1-0"]
[Board "11"]
[TimeControl "180+1"]
[WhiteFideId "12401153"]
[BlackFideId "1132199"]
[WhiteElo "2561"]
[BlackElo "2471"]
[WhiteTeam "VIE"]
[BlackTeam "POL"]
[WhiteClock "0:00:09"]
[BlackClock "0:00:03"]

1. d4 Nf6 2. c4 e6 3. Nc3 Bb4 4. e3 O-O 5. Bd2 b6 6. a3 Bxc3 7. Bxc3 Ne4 8. Ne2 Bb7 9. d5 exd5 10. cxd5 Qg5 11. Nf4 Nxc3 12. bxc3 Re8 13. Be2 Na6 14. O-O Nc5 15. c4 d6 16. g3 Re4 17. Rc1 Rae8 18. Bf3 R4e7 19. Qc2 Bc8 20. Rfd1 g6 21. Bg2 Bg4 22. Re1 Bf5 23. Qc3 Be4 24. f3 Bf5 25. e4 Bd7 26. Bh3 h5 27. Bxd7 Nxd7 28. Kg2 Nc5 29. h4 Qe5 30. Qxe5 Rxe5 31. Red1 Kg7 32. Rc3 a5 33. Rc2 R8e7 34. Kf2 f6 35. Rb1 Nd7 36. Rg1 Nc5 37. g4 hxg4 38. Rxg4 g5 39. hxg5 fxg5 40. Ke3 Kf6 41. Nh5+ Kg6 42. Rh2 Kf7 43. Rhg2 b5 44. Rxg5 Rxg5 45. Rxg5 bxc4 46. Rg7+ Kf8 47. Rxe7 Kxe7 48. Nf4 Nb3 49. Ne2 Kd7 50. Nd4 a4 51. f4 c3 52. Nc2 Nd2 53. Kd3 c5 54. dxc6+ Kxc6 55. f5 Kd7 56. Ne3 Nb1 57. Nc4 Ke7 58. Kc2 d5 59. exd5 Nd2 60. Nxd2 cxd2 61. Kxd2 Kf6 62. d6 Kf7 63. Kc3 Kf6 64. Kb4 Ke5 65. d7 Kd5 66. d8=Q+ Kc6 67. f6 Kb7 68. f7 Ka6 69. f8=Q Kb7 70. Qfe7+ Kc6 71. Qdd6# 1-0

[Event "December 19 Early 2023"]
[Site "https://www.chess.com"]
[Date "2023.12.19"]
[Round "9"]
[White "So, Wesley"]
[Black "Ter-Sahakyan, Samvel"]
[Result "1-0"]
[Board "12"]
[TimeControl "180+1"]
[WhiteFideId "5202213"]
[BlackFideId "13302531"]
[WhiteElo "2767"]
[BlackElo "2556"]
[WhiteTeam "USA"]
[BlackTeam "ARM"]
[WhiteClock "0:00:52"]
[BlackClock "0:00:02"]

1. b3 e5 2. Bb2 Nc6 3. e3 Nf6 4. Nf3 e4 5. Nd4 Bc5 6. d3 Nxd4 7. exd4 Be7 8. dxe4 Nxe4 9. Bd3 d5 10. Bxe4 dxe4 11. Nd2 O-O 12. Nxe4 Bb4+ 13. c3 Re8 14. O-O Rxe4 15. cxb4 Be6 16. f3 Rh4 17. Re1 Qd6 18. Re5 Rd8 19. Qe1 Rh6 20. d5 Bd7 21. Bc1 Rg6 22. Bf4 Qf6 23. Bg3 h6 24. Qe3 a6 25. Re1 Kh7 26. Qf2 Rc8 27. Re7 Bf5 28. Rxc7 Rxc7 29. Bxc7 Qc3 30. Bg3 Qxb4 31. h4 Bd7 32. Kh2 Qc3 33. Re7 Bb5 34. Rxf7 Rf6 35. Rxb7 1-0

[Event "December 19 Early 2023"]
[Site "https://www.chess.com"]
[Date "2023.12.19"]
[Round "9"]
[White "Sjugirov, Sanan"]
[Black "Pranav, V"]
[Result "1-0"]
[Board "13"]
[TimeControl "180+1"]
[WhiteFideId "4189302"]
[BlackFideId "25060783"]
[WhiteElo "2569"]
[BlackElo "2562"]
[WhiteTeam "HUN"]
[BlackTeam "IND"]
[WhiteClock "0:00:36"]
[BlackClock "0:00:02"]

1. e4 e5 2. Nf3 Nc6 3. Bb5 a6 4. Ba4 Nf6 5. O-O Be7 6. d3 b5 7. Bb3 O-O 8. Re1 d6 9. c3 Na5 10. Bc2 c5 11. Nbd2 Nc6 12. Nf1 h6 13. Ng3 Re8 14. h3 Bf8 15. d4 cxd4 16. cxd4 exd4 17. Nxd4 Nxd4 18. Qxd4 Be6 19. Bf4 Rc8 20. Bb3 Nd7 21. Bxe6 Rxe6 22. Rad1 g6 23. Qd2 Qh4 24. Rc1 Rce8 25. Rc6 Nc5 26. Be3 Nxe4 27. Nxe4 Qxe4 28. Rxa6 Qf5 29. Rd1 h5 30. b3 Rc8 31. a4 bxa4 32. bxa4 Rc2 33. Qd3 Qxd3 34. Rxd3 Ra2 35. Ra8 Kg7 36. Bd4+ f6 37. Rb3 Be7 38. Rb7 Re4 39. Be3 Kf7 40. a5 d5 41. Bc5 Rc2 42. Bxe7 Rxe7 43. a6 Ra2 44. Rh8 Ra1+ 45. Kh2 Kg7 46. Rxe7+ Kxh8 47. a7 1-0

[Event "December 19 Early 2023"]
[Site "https://www.chess.com"]
[Date "2023.12.19"]
[Round "9"]
[White "Zakhartsov, Vladimir"]
[Black "Paravyan, David"]
[Result "1-0"]
[Board "14"]
[TimeControl "180+1"]
[WhiteFideId "4145097"]
[BlackFideId "4194985"]
[WhiteElo "2448"]
[BlackElo "2566"]
[WhiteTeam "RUS"]
[BlackTeam "FID"]
[WhiteClock "0:00:51"]
[BlackClock "0:00:01"]

1. Nf3 d5 2. g3 c5 3. Bg2 Nf6 4. c4 Nc6 5. O-O d4 6. e3 e5 7. exd4 exd4 8. d3 Be7 9. Bf4 O-O 10. Ne5 Nxe5 11. Bxe5 Ng4 12. Bf4 Bd6 13. Bxd6 Qxd6 14. Nd2 Bf5 15. Ne4 Qh6 16. h4 Qb6 17. Rb1 Rfe8 18. Qd2 Bxe4 19. Bxe4 Nf6 20. Bf3 a5 21. b3 h6 22. a3 Re7 23. b4 axb4 24. axb4 cxb4 25. Rxb4 Qa5 26. Rfb1 Ra7 27. Kg2 g5 28. hxg5 hxg5 29. Ra1 Qxa1 30. Qxg5+ Kf8 31. Qxf6 Re6 32. Qh8+ Ke7 33. c5 Qc3 34. Rxd4 Ra8 35. Rd7+ 1-0

[Event "December 19 Early 2023"]
[Site "https://www.chess.com"]
[Date "2023.12.19"]
[Round "9"]
[White "Korobov, Anton"]
[Black "Szpar, Milosz"]
[Result "1/2-1/2"]
[Board "15"]
[TimeControl "180+1"]
[WhiteFideId "14105730"]
[BlackFideId "1184989"]
[WhiteElo "2649"]
[BlackElo "2446"]
[WhiteTeam "UKR"]
[BlackTeam "POL"]
[WhiteClock "0:00:08"]
[BlackClock "0:00:09"]

1. d4 d5 2. c4 c6 3. cxd5 cxd5 4. Nc3 Nc6 5. e4 Nf6 6. e5 Ne4 7. Be3 Bf5 8. g4 Bg6 9. Qb3 Nxc3 10. bxc3 Qd7 11. h4 h6 12. e6 fxe6 13. Nf3 Be4 14. Rh3 a6 15. Ne5 Nxe5 16. dxe5 Rc8 17. Bd4 Qc6 18. h5 g5 19. hxg6 Bxg6 20. Rb1 b5 21. Qd1 Kd7 22. a4 Bxb1 23. axb5 axb5 24. Qxb1 Rb8 25. Rf3 Rg8 26. Bh3 b4 27. cxb4 Qc4 28. Bc3 Bg7 29. Bf1 Qxg4 30. Rg3 Qf4 31. Bd2 Qxe5+ 32. Re3 Qc7 33. Bh3 Rb6 34. Qg6 Qd6 35. Kf1 d4 36. Rxe6 Qxe6 37. Bxe6+ Rxe6 38. Qf5 Rf8 39. Qb5+ Kd8 40. Qb7 Ref6 41. b5 Rxf2+ 42. Ke1 Rf1+ 43. Ke2 R8f2+ 44. Kd3 Rxd2+ 45. Kxd2 Rf2+ 46. Kd3 Rb2 47. Ke4 Ke8 48. b6 Re2+ 49. Kd5 Re5+ 50. Kc4 Re6 51. Qc8+ Kf7 52. b7 Be5 53. b8=Q Bxb8 54. Qxb8 Rd6 55. Kd3 h5 56. Qb5 h4 57. Qh5+ Ke6 58. Qxh4 Kd7 59. Qh5 Kd8 60. Qe5 Kd7 61. Qc5 Kd8 62. Qb5 Kc8 63. Qe8+ Kc7 64. Qxe7+ Kc6 65. Qa7 Kd5 66. Qa5+ Ke6 67. Qd2 Kd7 68. Kc4 d3 69. Kc5 Rc6+ 70. Kb5 Rd6 71. Kc5 Rc6+ 72. Kd5 Rd6+ 73. Ke5 Re6+ 74. Kf5 Rd6 75. Qd1 d2 76. Qa4+ Kc7 77. Qd1 Kd7 78. Ke5 Re6+ 79. Kd4 Rd6+ 80. Kc3 Rc6+ 81. Kxd2 Rd6+ 82. Kc1 Rxd1+ 83. Kxd1 1/2-1/2

[Event "December 19 Early 2023"]
[Site "https://www.chess.com"]
[Date "2023.12.19"]
[Round "9"]
[White "Sarana, Alexey"]
[Black "Yeletsky, Ivan"]
[Result "1-0"]
[Board "16"]
[TimeControl "180+1"]
[WhiteFideId "24133795"]
[BlackFideId "24180327"]
[WhiteElo "2707"]
[BlackElo "2379"]
[WhiteTeam "SRB"]
[BlackTeam "RUS"]
[WhiteClock "0:00:21"]
[BlackClock "0:00:00"]

1. d4 d5 2. c4 e6 3. Nc3 a6 4. cxd5 exd5 5. Nf3 c6 6. Bf4 Bd6 7. Bxd6 Qxd6 8. e3 Ne7 9. Bd3 Bf5 10. Qb3 Bxd3 11. Qxb7 O-O 12. Qxa8 Qc7 13. Ne5 Nc8 14. Nxd5 cxd5 15. Qxd5 Bb5 16. Qc5 Qa5+ 17. Qc3 Qa4 18. a3 Nc6 19. b3 Qa5 20. Qxa5 Nxa5 21. a4 Be8 22. b4 Nb7 23. O-O f6 24. Nd3 Nb6 25. Rfc1 Nxa4 26. Rc7 Nd6 27. Nc5 Nb5 28. Rc8 Nb6 29. Rb8 Nd7 30. Rxe8 Rxe8 31. Nxd7 h5 32. g3 h4 33. Kg2 hxg3 34. hxg3 Nc3 35. Rxa6 Re7 36. Nc5 Re8 37. Ra7 Rb8 38. Ne6 Rxb4 39. Rxg7+ Kh8 40. Rf7 Ne4 41. Nc5 1-0

[Event "December 19 Early 2023"]
[Site "https://www.chess.com"]
[Date "2023.12.19"]
[Round "9"]
[White "Terry, Renato"]
[Black "Garcia Ramos, Daniel"]
[Result "1-0"]
[Board "17"]
[TimeControl "180+1"]
[WhiteFideId "3803457"]
[BlackFideId "32010311"]
[WhiteElo "2578"]
[BlackElo "2363"]
[WhiteTeam "PER"]
[BlackTeam "ESP"]
[WhiteClock "0:01:15"]
[BlackClock "0:00:01"]

1. Nf3 Nf6 2. d4 e6 3. c4 d5 4. e3 Be7 5. b3 O-O 6. Bb2 c5 7. dxc5 Bxc5 8. a3 Nc6 9. b4 Be7 10. Nbd2 b6 11. Rc1 Bb7 12. Be2 Rc8 13. O-O Ne4 14. cxd5 exd5 15. Nb3 Bf6 16. Nbd4 Qd6 17. Qa4 Nxd4 18. Nxd4 a6 19. Bxa6 Ra8 20. b5 Nc5 21. Qb4 Bxa6 22. bxa6 Rxa6 23. Rfd1 Ra4 24. Qb5 Ra5 25. Qe2 Re8 26. Bc3 Ra4 27. Bb4 Bxd4 28. Rxd4 Raa8 29. Rcd1 Rad8 30. Qf3 Re5 31. e4 Qe6 32. exd5 Qd6 33. g3 Rde8 34. Rf4 Qd7 35. Bc3 Re2 36. Rg4 f5 37. Rxg7+ Qxg7 38. Bxg7 Kxg7 39. d6 Re1+ 40. Rxe1 Rxe1+ 41. Kg2 Re6 42. Qd5 Kf6 43. d7 1-0

[Event "December 19 Early 2023"]
[Site "https://www.chess.com"]
[Date "2023.12.19"]
[Round "9"]
[White "Demchenko, Anton"]
[Black "Klimkowski, Jan"]
[Result "0-1"]
[Board "18"]
[TimeControl "180+1"]
[WhiteFideId "4160258"]
[BlackFideId "21856222"]
[WhiteElo "2545"]
[BlackElo "2324"]
[WhiteTeam "SLO"]
[BlackTeam "POL"]
[WhiteClock "0:00:03"]
[BlackClock "0:00:12"]

1. e4 c5 2. Nf3 d6 3. d4 cxd4 4. Qxd4 Nf6 5. Bg5 Nc6 6. Bb5 Bd7 7. Qd3 e6 8. Nc3 Be7 9. O-O-O a6 10. Bxc6 Bxc6 11. Nd4 O-O 12. f4 Qc7 13. h4 Rfd8 14. Qe2 Rac8 15. g4 Be8 16. f5 Bd7 17. Bf4 e5 18. g5 exd4 19. gxf6 dxc3 20. fxe7 cxb2+ 21. Kb1 Re8 22. Bxd6 Qa5 23. Rhg1 Ba4 24. Rd2 Rc6 25. e5 Qc3 26. Rg2 f6 27. Rd3 Qc4 28. exf6 Kh8 29. f7 Qxf7 30. Qe5 Rec8 31. c3 Bb5 32. Rdg3 Bc4 33. Rxg7 Bxa2+ 34. Kxb2 Qb3+ 35. Kc1 Rxc3+ 36. Kd2 Rc2+ 37. Ke1 Qb1# 0-1

[Event "December 19 Early 2023"]
[Site "https://www.chess.com"]
[Date "2023.12.19"]
[Round "9"]
[White "Gabrielian, Artur"]
[Black "Drygalov, Sergey"]
[Result "1-0"]
[Board "19"]
[TimeControl "180+1"]
[WhiteFideId "4131002"]
[BlackFideId "24171743"]
[WhiteElo "2441"]
[BlackElo "2504"]
[WhiteTeam "RUS"]
[BlackTeam "RUS"]
[WhiteClock "0:02:01"]
[BlackClock "0:00:36"]

1. e4 c5 2. Nf3 d6 3. d4 cxd4 4. Nxd4 Nf6 5. Nc3 a6 6. Bc4 e6 7. Be3 Be7 8. Bb3 b5 9. a3 O-O 10. f3 Bb7 11. Qd2 Nbd7 12. O-O-O Nc5 13. Ba2 Qc7 14. Kb1 Rfd8 15. g4 Nfd7 16. g5 Ne5 17. h4 Rab8 18. h5 Nc4 19. Bxc4 bxc4 20. Ka1 d5 21. e5 Bc6 22. g6 Bf8 23. gxh7+ Kh8 24. h6 Bd7 25. hxg7+ Bxg7 26. Rdg1 Qxe5 27. Rg5 Qf6 28. Rhg1 Bh6 29. Rg8+ Kxh7 30. Rxd8 Rxd8 31. Rh1 Kg8 32. Bxh6 Qg6 33. Be3 Kg7 34. Rg1 1-0

[Event "December 19 Early 2023"]
[Site "https://www.chess.com"]
[Date "2023.12.19"]
[Round "9"]
[White "Truskavetsky, Alexandr"]
[Black "Movahed, Sina"]
[Result "0-1"]
[Board "20"]
[TimeControl "180+1"]
[WhiteFideId "14108577"]
[BlackFideId "42520835"]
[WhiteElo "2210"]
[BlackElo "2341"]
[WhiteTeam "RUS"]
[BlackTeam "IRI"]
[WhiteClock "0:00:22"]
[BlackClock "0:00:15"]

1. d4 Nf6 2. c4 g6 3. Nc3 Bg7 4. e4 O-O 5. f4 d6 6. Nf3 Bg4 7. Be2 Nfd7 8. h3 Bxf3 9. Bxf3 Nc6 10. Be3 e5 11. fxe5 dxe5 12. d5 Nd4 13. O-O Qe7 14. Ne2 c5 15. dxc6 Nxc6 16. Nc3 Nf6 17. Nd5 Nxd5 18. cxd5 Nd4 19. Bxd4 exd4 20. Rc1 Rac8 21. Qd3 Qe5 22. Bg4 Rxc1 23. Rxc1 h5 24. Bf3 Qg3 25. Rd1 Be5 26. a4 Rc8 27. a5 Rc5 28. Ra1 h4 29. Kf1 Qg5 30. a6 b6 31. Qd1 Qe3 32. Ra3 Qf4 33. Ra1 g5 34. Rb1 Qe3 35. Qe1 Qd3+ 36. Kg1 Bg3 37. Qd1 Qe3+ 38. Kh1 d3 39. Qf1 d2 40. Rd1 Rc1 41. Be2 Qxe4 42. Kg1 Qd4+ 43. Kh1 Qxb2 44. Bh5 Qg7 45. Rxc1 dxc1=Q 46. Qxc1 Qe5 47. Qc8+ Kg7 48. Qc1 Qxd5 49. Qb2+ Be5 50. Qc1 Bf6 51. Qf1 b5 52. Be2 b4 53. Bc4 Qe5 54. Bb3 Qc3 55. Qb1 Be5 56. Ba2 Qg3 57. Kg1 Bd4+ 58. Kh1 Be5 59. Kg1 Qh2+ 60. Kf2 Bd4+ 61. Kf3 Qg3+ 62. Ke4 Qe5+ 63. Kd3 Qe3+ 64. Kc4 Qc3+ 65. Kd5 Qc5+ 66. Ke4 f5+ 67. Kf3 Qc3+ 68. Ke2 Qe3+ 69. Kd1 Qg1+ 70. Kc2 Qxg2+ 71. Kd3 Qe4+ 72. Kc4 Bc3+ 73. Kb5 Qxb1 74. Bxb1 Kf6 75. Kc4 g4 76. hxg4 fxg4 77. Be4 h3 78. Kd3 g3 79. Ke2 g2 80. Kf2 Bd4+ 0-1

[Event "December 19 Early 2023"]
[Site "https://www.chess.com"]
[Date "2023.12.19"]
[Round "9"]
[White "Boyer, Mahel"]
[Black "Galchenko, Matvey"]
[Result "1-0"]
[Board "21"]
[TimeControl "180+1"]
[WhiteFideId "45102422"]
[BlackFideId "24175480"]
[WhiteElo "2449"]
[BlackElo "2424"]
[WhiteTeam "FRA"]
[BlackTeam "FID"]
[WhiteClock "0:00:04"]
[BlackClock "0:00:03"]

1. e4 c5 2. Nf3 g6 3. c3 Bg7 4. d4 cxd4 5. cxd4 d5 6. exd5 Nf6 7. Bc4 Nxd5 8. O-O O-O 9. Re1 Nc6 10. Bxd5 Qxd5 11. Nc3 Qh5 12. d5 Rd8 13. Bg5 Bg4 14. Bxe7 Nxe7 15. Rxe7 Bxc3 16. bxc3 Rxd5 17. Qe2 b6 18. Re8+ Rxe8 19. Qxe8+ Kg7 20. Nd4 Bd7 21. Qb8 Ra5 22. h3 Qd5 23. a3 Qc5 24. Ne2 Rxa3 25. Rxa3 Qxa3 26. Qe5+ Kf8 27. Nf4 Bc6 28. Qb8+ Kg7 29. Qe5+ Kf8 30. Kh2 Qc5 31. Qf6 Ke8 32. f3 Bb5 33. Kh1 a5 34. Qh8+ Ke7 35. Qxh7 Qd6 36. Qh4+ Kd7 37. Qg5 Bc6 38. Qg4+ Kc7 39. Ne2 Qd1+ 40. Ng1 a4 41. Qf4+ Kc8 42. Qxf7 a3 43. Qf8+ Kb7 44. Qxa3 Qd7 45. Qb4 Qf5 46. Qe7+ Ka6 47. Qa3+ Kb7 48. Ne2 Bxf3 49. Qe7+ Ka6 50. gxf3 Qxf3+ 51. Kg1 Qxh3 52. Qa3+ Kb7 53. Qe7+ Ka6 54. Kf2 Qh2+ 55. Ke3 Qh3+ 56. Kd2 Qg2 57. Qa3+ Kb7 58. Qe7+ Ka6 59. Qe6 Qg5+ 60. Kc2 Qg2 61. Qa2+ Kb7 62. Qe6 Ka6 63. Qc4+ Kb7 64. Kb3 g5 65. Nd4 Qe4 66. Qf7+ Ka6 67. Qc4+ Kb7 68. Ka3 Qe7+ 69. Qb4 Qe5 70. Nb5 Kc6 71. Nd4+ Kb7 72. Qc4 Qd6+ 73. Kb2 Qf6 74. Qd5+ Kb8 75. Nc6+ Kc7 76. Ne5 Qf5 77. Qc6+ Kd8 78. Qxb6+ Ke7 79. Qd4 Ke6 80. Ng4 Qb5+ 81. Kc2 Qe2+ 82. Kb3 Qb5+ 83. Qb4 Qf1 84. Qc4+ Qxc4+ 85. Kxc4 Kf5 86. Ne3+ Ke4 87. Ng4 Kf4 88. Nh6 Ke5 89. Kb5 Kf6 90. c4 Kg6 91. Ng4 Kf5 92. Nf2 Ke5 93. c5 1-0

[Event "December 19 Early 2023"]
[Site "https://www.chess.com"]
[Date "2023.12.19"]
[Round "9"]
[White "Shaik Sumer Arsh"]
[Black "Shevchenko, Kirill"]
[Result "0-1"]
[Board "22"]
[TimeControl "180+1"]
[WhiteFideId "45020000"]
[BlackFideId "14129574"]
[WhiteElo "2358"]
[BlackElo "2603"]
[WhiteTeam "IND"]
[BlackTeam "ROU"]
[WhiteClock "0:01:08"]
[BlackClock "0:00:49"]

1. d4 d5 2. c4 e5 3. dxe5 d4 4. Nf3 Nc6 5. a3 g6 6. b4 Bg7 7. Bb2 Nh6 8. Nxd4 Bxe5 9. e3 O-O 10. Nxc6 Qxd1+ 11. Kxd1 Bxb2 12. Ne7+ Kg7 13. Ra2 Bg4+ 14. f3 Rfd8+ 15. Kc2 Be5 16. fxg4 Nxg4 17. Nd5 Nf2 18. Kb3 Nxh1 19. g3 c6 20. Ndc3 a5 21. Bg2 axb4 22. Kxb4 Ra6 23. c5 Nxg3 24. hxg3 Bxg3 25. Nd2 Be1 26. Nc4 Rd3 27. Rc2 h5 28. Bf1 Rxc3 29. Rxc3 g5 30. Nd6 Bxc3+ 31. Kxc3 Rxa3+ 32. Kd4 g4 33. Nxb7 h4 34. Nd8 h3 35. Nxc6 Ra1 36. Bd3 h2 37. Be4 Ra4+ 0-1

[Event "December 19 Early 2023"]
[Site "https://www.chess.com"]
[Date "2023.12.19"]
[Round "9"]
[White "Naroditsky, Daniel"]
[Black "Yeremyan, Alen"]
[Result "1-0"]
[Board "23"]
[TimeControl "180+1"]
[WhiteFideId "2026961"]
[BlackFideId "13308998"]
[WhiteElo "2639"]
[BlackElo "2160"]
[WhiteTeam "USA"]
[BlackTeam "ARM"]
[WhiteClock "0:00:45"]
[BlackClock "0:00:40"]

1. e4 c5 2. c3 Nf6 3. e5 Nd5 4. Nf3 Nc6 5. Bc4 Nb6 6. Bb3 g6 7. d4 cxd4 8. Ng5 d5 9. exd6 e6 10. Ne4 Bg7 11. O-O O-O 12. cxd4 Nxd4 13. Bg5 f6 14. Qxd4 fxg5 15. Qd2 h6 16. Nbc3 Kh7 17. Rad1 Bd7 18. Nc5 Qe8 19. Rfe1 e5 20. Nxd7 Nxd7 21. Ba4 Rd8 22. Qd5 Nb6 23. Bxe8 Nxd5 24. Bxg6+ Kxg6 25. Rxd5 e4 26. Nxe4 Rfe8 27. f3 Re5 28. Red1 Rxd5 29. Rxd5 Bxb2 30. Kf2 b6 31. Ke3 Kf7 32. h4 Ke6 33. Rb5 Bc1+ 34. Kd4 Bf4 35. hxg5 hxg5 36. Nxg5+ Bxg5 37. Rxg5 Rxd6+ 38. Ke3 Rd1 39. Rg7 a5 40. Rg6+ 1-0

[Event "December 19 Early 2023"]
[Site "https://www.chess.com"]
[Date "2023.12.19"]
[Round "9"]
[White "Rustemov, Alexander"]
[Black "Shimanov, Aleksandr"]
[Result "1-0"]
[Board "24"]
[TimeControl "180+1"]
[WhiteFideId "4119002"]
[BlackFideId "4198603"]
[WhiteElo "2786"]
[BlackElo "2611"]
[WhiteTeam "RUS"]
[BlackTeam "RUS"]
[WhiteClock "0:00:11"]
[BlackClock "0:00:00"]

1. d4 g6 2. c4 Bg7 3. Nf3 d6 4. g3 Nd7 5. Bg2 e5 6. Nc3 Ne7 7. O-O O-O 8. Rb1 f5 9. b4 e4 10. Ne1 Nb6 11. Qb3 Be6 12. d5 Bf7 13. Nc2 c6 14. Ne3 Rc8 15. Bb2 cxd5 16. Ncxd5 Nexd5 17. Nxd5 Bxb2 18. Qxb2 Bxd5 19. cxd5 Qf6 20. Qa3 a6 21. Rfc1 Nc4 22. Qc3 Qxc3 23. Rxc3 Nb6 24. Rbc1 Rxc3 25. Rxc3 Nxd5 26. Rc4 Rf7 27. f3 Ne3 28. Rc3 Nxg2 29. Kxg2 d5 30. Rc8+ Kg7 31. Rd8 Rc7 32. Rxd5 exf3+ 33. Kxf3 Kf6 34. Rd6+ Ke5 35. Rb6 g5 36. a4 h5 37. a5 g4+ 38. Ke3 Re7 39. Rh6 Kd5+ 40. Kd3 Ke5 41. Rxh5 Rd7+ 42. Kc3 Rc7+ 43. Kb3 Re7 44. h3 gxh3 45. Rxh3 Rg7 46. Kc4 Rc7+ 47. Kd3 Rg7 48. Ke3 Rg4 49. Kf3 Rxb4 50. Rh7 Rb3+ 51. e3 Rb5 52. Re7+ Kd6 53. Rg7 Ke5 54. g4 fxg4+ 55. Kxg4 Ke4 56. Re7+ Kd5 57. Kf5 Kd6+ 58. Kf6 Kc6 59. e4 Rxa5 60. e5 Ra1 61. e6 Rf1+ 62. Ke5 Re1+ 63. Kf6 a5 64. Re8 a4 65. e7 b5 66. Rc8+ Kd5 67. Ra8 Kc4 68. Ra6 Kb3 69. Re6 Rf1+ 70. Ke5 Re1+ 71. Kd5 Rd1+ 72. Kc5 Rc1+ 73. Kxb5 Rc8 74. Re3+ Kc2 75. Kxa4 Re8 76. Kb5 Kd2 77. Re6 Kd3 78. Kc6 Kd4 79. Kd7 1-0

[Event "December 19 Early 2023"]
[Site "https://www.chess.com"]
[Date "2023.12.19"]
[Round "9"]
[White "Pakleza, Zbigniew"]
[Black "Ivic, Velimir"]
[Result "1-0"]
[Board "25"]
[TimeControl "180+1"]
[WhiteFideId "1119290"]
[BlackFideId "950122"]
[WhiteElo "2410"]
[BlackElo "2542"]
[WhiteTeam "POL"]
[BlackTeam "SRB"]
[WhiteClock "0:00:05"]
[BlackClock "0:00:04"]

1. d4 Nf6 2. Nf3 g6 3. Bf4 Bg7 4. e3 O-O 5. Be2 d6 6. h3 Nc6 7. O-O Qe8 8. Bh2 e5 9. c4 exd4 10. exd4 Ne4 11. Re1 f5 12. Nc3 Nxc3 13. bxc3 h6 14. c5 Qd8 15. cxd6 cxd6 16. Qb3+ Kh7 17. d5 Ne5 18. Rad1 Re8 19. c4 b6 20. Nd4 Bd7 21. Bf1 Qf6 22. Nb5 Bxb5 23. Qxb5 f4 24. f3 Qh4 25. Re4 Rf8 26. a4 Rac8 27. Qb4 Rc5 28. Kh1 Qh5 29. Be2 g5 30. Bg1 g4 31. fxg4 Qg6 32. Bf3 Rc7 33. Rde1 Rfc8 34. Rxe5 Rxc4 35. Be4 Rxb4 36. Bxg6+ Kxg6 37. Re6+ Kf7 38. Rxd6 Rc7 39. a5 bxa5 40. Ra6 Rb5 41. d6 Rd7 42. Bxa7 Rd5 43. Bb8 Bc3 44. Rf1 Ke6 45. Bc7 Rb5 46. Ra8 Kd5 47. Rd1+ Kc4 48. Rc8 Kb3 49. Rd8 Rxd8 50. Bxd8 a4 51. d7 Rb7 52. Bc7 Bf6 53. d8=Q Bxd8 54. Bxd8 a3 55. Bf6 a2 56. Rf1 Kc2 57. Rf2+ Kb3 58. Rxf4 Rf7 59. Rf3+ Kc4 60. Ra3 Rxf6 61. Rxa2 Kd5 62. Re2 Kd4 63. Kh2 Kd3 64. Re8 Ra6 65. Kg3 Kd2 66. Kh4 Kd1 67. g3 Ra2 68. Re6 Rh2 69. Rxh6 Ke2 70. g5 Kf3 71. g6 Rc2 72. g7 Rc4+ 73. g4 Rc8 1-0

[Event "December 19 Early 2023"]
[Site "https://www.chess.com"]
[Date "2023.12.19"]
[Round "9"]
[White "Kukhmazov, Arsen"]
[Black "Samunenkov, Ihor"]
[Result "0-1"]
[Board "26"]
[TimeControl "180+1"]
[WhiteFideId "24108260"]
[BlackFideId "14187086"]
[WhiteElo "2397"]
[BlackElo "2473"]
[WhiteTeam "FID"]
[BlackTeam "UKR"]
[WhiteClock "0:00:02"]
[BlackClock "0:00:03"]

1. d4 d5 2. c4 e6 3. Nc3 a6 4. cxd5 exd5 5. Nf3 Nf6 6. Bg5 Be6 7. Bxf6 Qxf6 8. Qb3 Ra7 9. g3 Bd6 10. Bg2 O-O 11. Ne5 Nc6 12. Nxc6 bxc6 13. e3 c5 14. dxc5 d4 15. Nd5 Bxd5 16. Qxd5 dxe3 17. O-O e2 18. Rfe1 Be5 19. Rxe2 Bxb2 20. Rb1 Bc3 21. c6 Raa8 22. h4 Rfd8 23. Qc4 Bd4 24. Kh2 Re8 25. Rd2 Be5 26. f4 Bd6 27. Re2 Rxe2 28. Qxe2 h6 29. Re1 a5 30. Bd5 Rb8 31. Rd1 a4 32. Rd2 a3 33. Bb3 g6 34. Qe4 Kg7 35. Re2 Rb4 36. Qd5 Rd4 37. Qf3 Rb4 38. Kg2 Rb8 39. Qd5 Rd8 40. Qe4 h5 41. Rd2 Rb8 42. Qd4 Qxd4 43. Rxd4 Bb4 44. Rd7 Bd6 45. Kf3 Rxb3+ 46. axb3 a2 47. Rxd6 a1=Q 48. Rd7 Qc3+ 0-1

[Event "December 19 Early 2023"]
[Site "https://www.chess.com"]
[Date "2023.12.19"]
[Round "9"]
[White "Arabidze, Meri"]
[Black "Baskakov, Egor"]
[Result "0-1"]
[Board "27"]
[TimeControl "180+1"]
[WhiteFideId "13604040"]
[BlackFideId "24197866"]
[WhiteElo "2416"]
[BlackElo "2225"]
[WhiteTeam "GEO"]
[BlackTeam "RUS"]
[WhiteClock "0:00:00"]
[BlackClock "0:00:09"]

1. Nf3 Nf6 2. c4 e6 3. g3 d5 4. Bg2 Be7 5. O-O O-O 6. b3 Ne4 7. Bb2 Bf6 8. d4 c5 9. Nbd2 Nc6 10. cxd5 exd5 11. Rc1 Qa5 12. a3 Rd8 13. Nb1 Bg4 14. Rc2 c4 15. bxc4 dxc4 16. Rxc4 Qb5 17. Rc2 Bf5 18. Nbd2 Nd6 19. a4 Qb4 20. Bc3 Bxc2 21. Qxc2 Qb6 22. d5 Nd4 23. Bxd4 Bxd4 24. e3 Bf6 25. Rb1 Rac8 26. Qd3 Qa5 27. e4 Bc3 28. e5 Bxd2 29. Nxd2 Rc3 30. Qe2 Rc2 31. exd6 Qxd2 32. Qxd2 Rxd2 33. h4 b6 34. Rc1 g6 35. Rc6 Ra2 36. Bh3 f5 37. h5 Kg7 38. hxg6 hxg6 39. Rc7+ Kf6 40. d7 Ke7 41. Rxa7 Rxd7 42. Ra6 Rb7 43. d6+ Kxd6 44. Bg2 Rb8 45. Ra7 Kc5 46. Rg7 Rxa4 47. Rxg6 b5 48. Rf6 b4 49. Rxf5+ Kd4 50. Rf4+ Kc3 51. Bd5 Ra1+ 52. Kg2 Rd1 53. Be6 b3 54. Rc4+ Kd3 55. Rc6 Ra1 56. Bf5+ Kd4 57. g4 b2 58. Kf3 Ra5 0-1

[Event "December 19 Early 2023"]
[Site "https://www.chess.com"]
[Date "2023.12.19"]
[Round "9"]
[White "Haring, Filip"]
[Black "Steinberg, Nitzan"]
[Result "0-1"]
[Board "28"]
[TimeControl "180+1"]
[WhiteFideId "14933080"]
[BlackFideId "2801795"]
[WhiteElo "2375"]
[BlackElo "2486"]
[WhiteTeam "SVK"]
[BlackTeam "ISR"]
[WhiteClock "0:00:00"]
[BlackClock "0:00:19"]

1. Nf3 d5 2. c4 d4 3. b4 f6 4. e3 e5 5. c5 Be6 6. Bb2 dxe3 7. fxe3 a5 8. a3 Ne7 9. Bb5+ c6 10. Be2 Nd5 11. Nc3 Na6 12. Nxd5 Bxd5 13. Bc3 Be7 14. O-O O-O 15. d4 e4 16. Nd2 axb4 17. axb4 f5 18. b5 Nc7 19. bxc6 bxc6 20. Nc4 Bg5 21. Bd2 Kh8 22. Nd6 Be6 23. Rxa8 Qxa8 24. Bc4 Bxc4 25. Nxc4 Nd5 26. Qa1 Qc8 27. Qa7 h5 28. Nd6 Qe6 29. Re1 h4 30. Qb7 f4 31. exf4 e3 32. Bxe3 Nxe3 33. fxg5 Qa2 0-1

[Event "December 19 Early 2023"]
[Site "https://www.chess.com"]
[Date "2023.12.19"]
[Round "9"]
[White "Corrales Jimenez, Fidel"]
[Black "Yaran, Siar"]
[Result "0-1"]
[Board "29"]
[TimeControl "180+1"]
[WhiteFideId "3506690"]
[BlackFideId "6323006"]
[WhiteElo "2507"]
[BlackElo "2191"]
[WhiteTeam "USA"]
[BlackTeam "TUR"]
[WhiteClock "0:00:09"]
[BlackClock "0:00:12"]

1. e4 e5 2. Nf3 Nc6 3. d4 d6 4. dxe5 Nxe5 5. Nxe5 dxe5 6. Qxd8+ Kxd8 7. Bc4 Ke7 8. f4 exf4 9. Bxf4 Be6 10. Bxe6 Kxe6 11. Nd2 Bd6 12. Bxd6 Kxd6 13. O-O-O Ke7 14. e5 Nh6 15. Ne4 Rad8 16. Nc5 b6 17. Na6 c5 18. Nc7 Ng4 19. Rde1 Rd7 20. Nb5 a6 21. Nd6 Nxe5 22. Nc4 f6 23. Nxe5 fxe5 24. Rxe5+ Kf6 25. Rhe1 Rd6 26. g4 h6 27. h4 Rhd8 28. Rf5+ Kg6 29. h5+ Kh7 30. b3 Rd4 31. Re6 R8d6 32. Re8 Rd8 33. Re6 R8d6 34. Rfe5 Rxe6 35. Rxe6 Rxg4 36. Rxb6 Rg5 37. Rxa6 Rxh5 38. a4 Rf5 39. a5 h5 40. Rd6 h4 41. Kb2 Rf7 42. Rd5 Kh6 43. Rxc5 g5 44. Rc6+ Kh5 45. Rc8 Rh7 46. b4 h3 47. Rd8 h2 48. Rd1 g4 49. Rh1 g3 50. b5 Kg4 51. b6 g2 52. Rxh2 Rxh2 53. b7 Rh8 54. a6 g1=Q 0-1